 Dungeon Crawl Stone Soup version 0.18-a0-124-g4fdfa27 (webtiles) character file.

6577 Kidiri the Insei (level 10, -1/97 HPs)
             Began as a Mottled Draconian Transmuter on Nov 20, 2015.
             Was a Priest of Okawaru.
             Hit by a stone thrown by an orc warrior (7 damage)
             ... on level 8 of the Dungeon.
             The game lasted 00:51:33 (15254 turns).

Kidiri the Insei (Mottled Draconian Transmuter)    Turns: 15254, Time: 00:51:33

Health: -1/97      AC:  6    Str: 14    XL:     10   Next: 71%
Magic:  16/19      EV: 13    Int: 15    God:    Okawaru [***...]
Gold:   364        SH:  0    Dex: 14    Spells: 7 memorised, 2 levels left

rFire  x . .     SeeInvis +       - Unarmed
rCold  + + +     Clarity  .     (armour unavailable)
rNeg   . . .     SustAt   .     (shield currently unavailable)
rPois  +         Gourm    .     (helmet currently unavailable)
rElec  .         Spirit   .     (cloak currently unavailable)
rCorr  .         Warding  .     (gloves currently unavailable)
rMut   .         Stasis   .     (boots currently unavailable)
MR     .....                    (no amulet)
Stlth  +++.......               (no ring)
                                w - ring of see invisible

@: sluggish, ice-form, flying, very slow, not resistant to hostile enchantments,
fairly stealthy
A: (breathe sticky flame splash), unfitting armour, (big wings), (hooves 0),
clever 1, mutation resistance 1, (cold-blooded), AC +7
a: End Transformation, Heroism, Renounce Religion


You were on level 8 of the Dungeon.
You worshipped Okawaru.
Okawaru was most pleased with you.
You were hungry.
You were a creature of crystalline ice.
You visited 2 branches of the dungeon, and saw 9 of its levels.
You also visited: Ossuary.

You collected 412 gold pieces.
You spent 48 gold pieces at shops.

Inventory:

Missiles
 a - 114 arrows
 g - 9 tomahawks (quivered)
 K - 4 tomahawks of returning
 N - 16 arrows of frost
Armour
 l - a +2 pair of gloves (melded)
 E - a +0 hat (melded)
Jewellery
 w - a ring of see invisible (left front paw)
Wands
 i - a wand of frost (26)
 m - a wand of draining (7)
 n - a wand of flame (32)
 p - a wand of cold (0)
 x - a wand of random effects (33)
 z - a wand of fire (8)
 B - a wand of paralysis (19)
 H - a wand of magic darts (13)
Scrolls
 f - a scroll of torment {unknown}
 k - 2 scrolls of magic mapping
 o - 2 scrolls of recharging
 q - 2 scrolls of amnesia
 t - a scroll of noise
 y - a scroll of blinking
 C - a scroll of holy word {unknown}
 D - 2 scrolls of remove curse
 F - a scroll of teleportation
 G - a scroll of fog
 J - a scroll of fear
Potions
 d - 3 potions of curing
 e - a potion of cure mutation
 j - 3 potions of haste
 r - 2 potions of magic
 s - 3 potions of cancellation
 u - a potion of ambrosia
 v - 3 potions of brilliance
 A - a potion of agility
Books
 b - a book of Changes

   Spells                             Type                      Level
   a - Beastly Appendage              Transmutation                1
   b - Sticks to Snakes               Transmutation                2
   c - Spider Form                    Transmutation/Poison         3
   d - Ice Form                       Ice/Transmutation            4
   e - Blade Hands                    Transmutation                5
 L - a book of Air

   Spells                             Type                      Level
   a - Shock                          Conjuration/Air              1
   b - Swiftness                      Charms/Air                   2
   c - Repel Missiles                 Charms/Air                   2
   d - Static Discharge               Conjuration/Air              3
   e - Lightning Bolt                 Conjuration/Air              5
Comestibles
 c - a bread ration
 h - 6 fruits
 I - a chunk of flesh


   Skills:
 + Level 5.0 Fighting
 * Level 6.2 Dodging
 * Level 6.2 Stealth
 * Level 7.2 Unarmed Combat
 * Level 6.0 Spellcasting
 + Level 1.8 Charms
 + Level 5.3 Transmutations
 + Level 3.8 Ice Magic
 + Level 2.8 Air Magic
 + Level 4.1 Poison Magic
 + Level 2.1 Invocations


You had 2 spell levels left.
You knew the following spells:

 Your Spells              Type           Power        Failure   Level  Hunger
a - Beastly Appendage     Trmt           ###...       1%          1    None
b - Sticks to Snakes      Trmt           ###.......   2%          2    #......
c - Spider Form           Trmt/Pois      ###.......   10%         3    ##.....
d - Ice Form              Ice/Trmt       ###.....     24%         4    ####...
e - Blade Hands           Trmt           ###.......   54%         5    ######.
f - Repel Missiles        Chrm/Air       ##....       12%         2    #......
g - Swiftness             Chrm/Air       ##......     12%         2    #......


Dungeon Overview and Level Annotations

Branches:
Dungeon (8/15)             Temple (1/1) D:7
   Lair: D:8-11

Altars:
Ashenzari
Dithmenos
Elyvilon
Fedhas
Gozag
Kikubaaqudgha
Makhleb
Nemelex Xobeh
Okawaru
Qazlal
Ru
Sif Muna
Trog
Vehumet
Xom
Yredelemnul
The Shining One

Shops:
D:7 ?


Innate Abilities, Weirdness & Mutations

((You can spit globs of burning liquid.))
((You can ignite nearby creatures when you spit burning liquid.))
((Your weird mottled scales are hard (AC +7).))
Your body does not fit into most forms of armour.
((You are cold-blooded and may be slowed by cold attacks.))
((Your large and strong wings let you fly indefinitely.))
((You have large cloven feet.))
Your mind is acute. (Int +2)
You are somewhat resistant to further mutation.


Message History

You punch the orc warrior! You freeze the orc warrior.
The orc warrior is heavily wounded.
You feel sluggish. The orc hits you with a club.
* * * LOW HITPOINT WARNING * * *
Unknown command.
The orc warrior throws a stone.
The stone completely misses you.
The orc warrior throws a stone.
The stone hits you.
* * * LOW HITPOINT WARNING * * *
You see here a stone.
The orc warrior throws a stone.
The stone closely misses you.
The orc throws a tomahawk.
The tomahawk hits you.
* * * LOW HITPOINT WARNING * * *
You see here a tomahawk.
You are feeling hungry.
The orc warrior throws a stone.
The stone hits you.
* * * LOW HITPOINT WARNING * * *
The orc throws a tomahawk.
The tomahawk closely misses you.
The orc warrior throws a stone.
The stone hits you!
You die...

#._.#.......(#### .........
#...###....#..# ..#......
#####.###..##)# .........
.#.#....#####o## #...).
##.##......##oo### #.....#.#
#...#............#..# ...#####)#
#...##.......÷(.(#..# ..........#
.....#.....(....(#..##.......[...
.....#.......(..Y#.............|)
...#######......(#...≈.##......).
..## #.......#.....##........ ###
#######.......##........
##......##........
#.#'############# #.#.# #.......
##### #.#.######.###### ....#
#.#..............


You could see an orc warrior and 2 orcs.

Vanquished Creatures
  Gastronok (D:8)
  The ghost of nublet the Grappler, a novice CeTm of Sif Muna (D:8)
  A troll (D:8)
  The ghost of nublet the Ruffian, an amateur CeTm (D:3)
  A sky beast (D:7)
  Duvessa (D:6)
  3 orc warriors
  A black bear (D:4)
  3 phantoms
  2 ice beasts
  A centaur (D:6)
  4 ogres
  Blork the orc (D:6)
  Dowan (D:6)
  2 giant frogs
  2 scorpions
  3 killer bees (D:7)
  A water moccasin skeleton (D:8)
  An electric eel (D:8)
  5 bog bodies (Ossuary)
  5 crimson imps
  A quasit (D:7)
  3 centaur zombies
  3 giant frog zombies (Ossuary)
  7 orc wizards
  A jelly (D:5)
  4 hounds
  6 orc priests
  A gnoll shaman (D:5)
  A giant frog skeleton (D:6)
  Natasha (thrice) (D:4)
  2 iguanas (D:4)
  7 worker ants
  2 killer bee zombies
  3 hound zombies (Ossuary)
  A hound skeleton (D:6)
  10 mummies (Ossuary)
  2 worker ant zombies
  17 adders
  14 gnolls
  2 shadow imps
  2 oozes
  An adder skeleton (D:4)
  2 adder zombies (Ossuary)
  5 giant geckos
  31 orcs
  A ball python (D:3)
  8 bats
  7 giant cockroaches
  10 hobgoblins
  8 jackals (D:5)
  8 kobolds
  A giant cockroach zombie (Ossuary)
  A giant gecko skeleton (D:6)
  3 giant gecko zombies
  5 giant newts
  8 goblins
  2 jackal zombies (Ossuary)
  7 quokkas
  A quokka skeleton (D:5)
  5 quokka zombies
  7 rats
  A spectral orc (D:4)
  3 plants (Ossuary)
258 creatures vanquished.

Vanquished Creatures (collateral kills)
  2 orc priests (D:5)
  2 orcs (D:5)
4 creatures vanquished.

Vanquished Creatures (others)
  An orc (D:8)
1 creature vanquished.

Grand Total: 263 creatures vanquished

Notes
Turn   | Place    | Note
--------------------------------------------------------------
     0 | D:1      | Kidiri the Draconian Transmuter began the quest for the Orb.
     0 | D:1      | Reached XP level 1. HP: 16/16 MP: 3/3
   255 | D:1      | Reached XP level 2. HP: 23/23 MP: 5/5
   259 | D:1      | Learned a level 2 spell: Sticks to Snakes
   759 | D:1      | Reached XP level 3. HP: 9/28 MP: 4/6
  1367 | D:2      | Found a burning altar of Makhleb.
  1418 | D:2      | Reached XP level 4. HP: 22/35 MP: 8/8
  1625 | D:2      | Learned a level 3 spell: Spider Form
  1694 | D:2      | Found a bloodstained altar of Trog.
  1898 | D:2      | Gained mutation: Your large and strong wings let you fly indefinitely. [potion of beneficial mutation]
  2197 | D:3      | Noticed nublet's ghost (amateur CeTm)
  2781 | D:3      | Killed nublet's ghost
  2781 | D:3      | Reached skill level 1 in Stealth
  2781 | D:3      | Reached XP level 5. HP: 40/41 MP: 8/10
  2800 | D:3      | Learned a level 4 spell: Ice Form
  2961 | D:3      | HP: 2/41 [orc priest/divine providence (11)]
  2966 | D:3      | Reached XP level 6. HP: 23/48 MP: 11/11
  3088 | D:3      | Reached skill level 1 in Poison Magic
  3515 | D:3      | Reached skill level 4 in Unarmed Combat
  3764 | D:4      | Found a blossoming altar of Fedhas.
  4442 | D:4      | Noticed Natasha
  4467 | D:4      | Killed Natasha
  5034 | D:4      | Your scales start taking on a weird mottled colour.
  5034 | D:4      | Reached XP level 7. HP: 56/56 MP: 10/12
  5052 | D:4      | Found a basalt altar of Yredelemnul.
  5256 | D:4      | Noticed Natasha
  5267 | D:4      | Killed Natasha
  5381 | D:4      | Noticed Natasha
  5384 | D:4      | Killed Natasha
  5552 | D:4      | Reached skill level 1 in Ice Magic
  5849 | D:5      | Entered Level 5 of the Dungeon
  5896 | D:5      | Found a glowing golden altar of the Shining One.
  7275 | D:5      | Reached XP level 8. HP: 58/63 MP: 12/14
  7293 | D:5      | Learned a level 5 spell: Blade Hands
  8093 | D:6      | Found a sand-covered staircase.
  8098 | Ossuary  | Entered an ossuary
  8138 | Ossuary  | HP: 3/63 [mummy (7)]
  8302 | Ossuary  | Reached skill level 5 in Unarmed Combat
  9477 | D:6      | Noticed Duvessa
  9477 | D:6      | Noticed Dowan
  9491 | D:6      | Killed Duvessa
 10326 | D:6      | Reached XP level 9. HP: 65/71 MP: 16/16
 10361 | D:6      | Killed Dowan
 10471 | D:6      | Found a white marble altar of Elyvilon.
 10479 | D:6      | Noticed Blork the orc
 10507 | D:6      | Killed Blork the orc
 10721 | D:6      | Reached skill level 5 in Dodging
 11014 | D:6      | Reached skill level 5 in Spellcasting
 11380 | D:6      | Learned a level 2 spell: Repel Missiles
 11431 | D:6      | Reached skill level 5 in Stealth
 11620 | D:7      | Found a stormy altar of Qazlal.
 11677 | D:7      | Found a staircase to the Ecumenical Temple.
 11698 | Temple   | Entered the Ecumenical Temple
 11707 | Temple   | Became a worshipper of Warmaster Okawaru
 11741 | D:7      | Reached skill level 6 in Unarmed Combat
 11823 | D:7      | Found Migatu Erun's Magic Scroll Emporium.
 11898 | D:7      | Bought a scroll of identify for 24 gold pieces
 11898 | D:7      | Bought a scroll of identify for 24 gold pieces
 12118 | D:7      | Reached skill level 1 in Air Magic
 12691 | D:7      | Reached skill level 1 in Invocations
 12694 | D:7      | Reached * piety under Okawaru
 13166 | D:8      | Noticed nublet's ghost (novice CeTm)
 13185 | D:8      | Killed nublet's ghost
 13185 | D:8      | Reached ** piety under Okawaru
 13185 | D:8      | Reached skill level 1 in Charms
 13185 | D:8      | Reached XP level 10. HP: 43/80 MP: 13/18
 13532 | D:8      | Gained mutation: You are somewhat resistant to further mutation. [potion of mutation]
 13532 | D:8      | Gained mutation: Your mind is acute. (Int +2) [potion of mutation]
 13534 | D:8      | Gained mutation: You have large cloven feet. [potion of mutation]
 13675 | D:8      | Found a radiant altar of Vehumet.
 14006 | D:8      | Noticed Gastronok
 14022 | D:8      | Killed Gastronok
 14022 | D:8      | Reached skill level 5 in Fighting
 14022 | D:8      | Reached skill level 7 in Unarmed Combat
 14022 | D:8      | Reached skill level 5 in Transmutations
 14256 | D:8      | Learned a level 2 spell: Swiftness
 15000 | D:8      | Found a shattered altar of Ashenzari.
 15238 | D:8      | Reached *** piety under Okawaru
 15254 | D:8      | Hit by a stone thrown by an orc warrior

Vault maps used:
D:1:      saegor_arrival_simple_f
D:2:      lemuel_round_altar, nicolae_overflow_crystal_walls
D:3:      first_bread
D:4:      old_standard_altar, yredelemnul_forgotten_temple_becter, uniq_pikel,
          uniq_natasha
D:5:      lemuel_crystal_altar, lemuel_another_geyser
D:6:      lemuel_round_altar, enter_ossuary_5, uniq_blork_the_orc, uniq_duvessa
D:7:      nicolae_qazlal_style_of_elements, temple_pool_b, serial_shops, shop
D:8:      vehumet_altar_wand_db, nicolae_ashenzari_panopticon, grunt_ogre_cave,
          uniq_gastronok
Temple:   nicolae_temple_no_exploring_needed
Ossuary:  ossuary_zaba_flooded

Action                   |  1- 3 |  4- 6 |  7- 9 | 10-12 || total
-------------------------+-------+-------+-------+-------++-------
Melee: Unarmed           |   112 |   292 |   818 |   172 ||  1394
Throw: Tomahawk          |       |    15 |     5 |       ||    20
 Cast: Beastly Appendage |     7 |    17 |    26 |     3 ||    53
       Spider Form       |       |     2 |    12 |     1 ||    15
       Sticks to Snakes  |       |       |    10 |       ||    10
       Ice Form          |       |       |     2 |     2 ||     4
       Repel Missiles    |       |       |     1 |     1 ||     2
       Swiftness         |       |       |       |     1 ||     1
Invok: Heroism           |       |       |     1 |     1 ||     2
 Abil: Breathe Sticky Fl |       |       |    12 |     2 ||    14
       End Transformatio |       |       |     1 |       ||     1
       Fly               |       |       |     1 |       ||     1
  Use: Scroll            |       |    14 |     8 |     3 ||    25
       Potion            |       |     3 |     6 |     5 ||    14
 Stab: Sleeping          |       |     3 |    11 |       ||    14
       Distracted        |       |       |     3 |       ||     3
  Eat: Meat ration       |     1 |     1 |     2 |       ||     4
       Chunk             |       |     2 |     4 |       ||     6
       Beef jerky        |       |     1 |       |       ||     1
       Bread ration      |       |     1 |     3 |     1 ||     5
       Royal jelly       |       |       |     2 |       ||     2
